 Dungeon Crawl Stone Soup version 0.30.1-11-g7821555f0a (webtiles) character file.

Game seed: 6011189264800544836

95 Okkudo the Chopper (level 4, -2/41 HPs)
             Began as a Hill Orc Monk on Dec 4, 2023.
             Slain by a gnoll
             ... wielding a +0 spear
              (5 damage)
             ... on level 3 of the Dungeon.
             The game lasted 00:04:58 (1485 turns).

Okkudo the Chopper (Hill Orc Monk)                  Turns: 1485, Time: 00:04:59

Health: -2/41      AC:  5    Str: 21    XL:     4   Next: 66%
Magic:  4/4        EV: 12    Int: 10    God:
Gold:   94         SH:  0    Dex: 13    Spells: 3/3 levels left

rFire   . . .        a - +0 hand axe
rCold   . . .        d - orb {light}
rNeg    . . .        j - +0 ring mail
rPois   .            (no helmet)
rElec   .            (no cloak)
rCorr   .            (no gloves)
SInv    .            (no boots)
Will    .....        o - amulet of the acrobat
Stlth   +            l - +6 ring of strength
HPRegen 0.26/turn    (no ring)
MPRegen 0.09/turn

%: acrobat
@: glowing
A: no striking features
a: no special abilities


You were on level 3 of the Dungeon.
You visited 1 branch of the dungeon, and saw 3 of its levels.

You collected 94 gold pieces.

Inventory:

Hand Weapons
 a - a +0 hand axe (weapon)
Armour
 d - an orb of light (worn)
 j - a +0 ring mail (worn)
Jewellery
 l - a +6 ring of strength (left hand)
 o - an amulet of the acrobat (around neck)
Scrolls
 b - a scroll of vulnerability {unknown}
 e - a scroll of noise {unknown}
 f - a scroll of immolation {unknown}
 g - a scroll of enchant weapon {unknown}
 n - 4 scrolls of identify {unknown}
 s - a scroll of teleportation {unknown}
 t - a scroll of magic mapping {unknown}
Potions
 c - a potion of ambrosia
 h - a potion of degeneration {unknown}
 i - 2 potions of attraction {unknown}
 k - 2 potions of brilliance {unknown}
 m - 3 potions of curing {unknown}
 p - a potion of mutation {unknown}
 q - a potion of lignification {unknown}
 r - 2 potions of heal wounds {unknown}


   Skills:
 + Level 4.7 Fighting
 + Level 5.1 Axes
 + Level 3.1 Dodging


You had 3 spell levels left.
You didn't know any spells.
Your spell library contained the following spells:

 Spells                   Type           Power      Damage    Failure   Level
 Cigotuvi's Dreadful Rot  Necr/Pois/Air  0%         N/A       67%         2
 Lesser Beckoning         Tloc           0%         N/A       67%         2
 Gell's Gravitas          Tloc           0%         N/A       88%         3
 Ignite Poison            Fire/Tmut/Pois 0%         N/A       88%         3
 Teleport Other           Tloc           0%         N/A       88%         3
 Freezing Cloud           Conj/Ice/Air   0%         6-21      100%        5


Dungeon Overview and Level Annotations

Branches:
Dungeon (3/15)

Altars:

Shops:
D:1 (


Message History

The gnoll barely misses you. The gnoll hits you with a +0 club.
The gnoll closely misses you. The gnoll hits you with a +0 club.
You hit the gnoll.
You kill the gnoll!
You hear the slow rusting of a very distant drain.
The gnoll hits you from afar with a +0 spear.
An endoplasm comes into view.
The gnoll barely misses you. The gnoll completely misses you.
Things that are here:
a +0 club; a gnoll corpse You hit the gnoll.
The gnoll is moderately wounded.
You barely miss the gnoll. The gnoll misses you. The gnoll barely misses you.
You hit the gnoll but do no damage.
The gnoll is moderately wounded.
You hit the gnoll. The gnoll hits you with a +0 flail.
* * * LOW HITPOINT WARNING * * *
The gnoll hits you but does no damage.
You hit the gnoll.
The gnoll is severely wounded.
You hit the gnoll but do no damage.
The endoplasm jiggles.
The gnoll hits you with a +0 spear.
* * * LOW HITPOINT WARNING * * *
The gnoll hits you with a +0 flail.
* * * LOW HITPOINT WARNING * * *
The gnoll closely misses you. The gnoll attacks as you move away!
The gnoll misses you. The gnoll attacks as you move away!
The gnoll closely misses you.
You open the door. The gnoll misses you.
The gnoll hits you from afar with a +0 spear.
* * * LOW HITPOINT WARNING * * *
There is an open door here.
You hit the gnoll but do no damage.
The gnoll is lightly wounded.
The gnoll hits you but does no damage.
You hit the gnoll.
The gnoll is heavily wounded.
The gnoll hits you from afar with a +0 spear.
You die...

###+###### #........# ###
#.......$# #.# #...@....#
#.# ### #.#+#g##.# #.#
#.. # #.#g##)####.#####..
#.#.#.#.#...†.........'..
.......)..##.###.<#####..
........#+##.###..# ###
..#.#.#.. ...........$..
# #.#....#.###..#...... #
#....#.# #..#......


You could see 2 gnolls.

Vanquished Creatures
  2 gnolls (D:3)
  3 adders
  A worm (D:2)
  2 dart slugs
  A ball python (D:2)
  4 endoplasms
  5 goblins
  4 hobgoblins
  5 jackals
  A quokka (D:2)
  A bat (D:2)
  3 frilled lizards (D:2)
  6 kobolds
  2 rats
40 creatures vanquished.

Notes
Turn   | Place    | Note
-------+----------+-------------------------------------------
     0 | D:1      | Okkudo the Hill Orc Monk began the quest for the Orb.
     0 | D:1      | Reached XP level 1. HP: 19/19 MP: 1/1
   173 | D:1      | Reached XP level 2. HP: 26/27 MP: 2/2
   241 | D:1      | Found Vuutyul's Weapon Shop.
   739 | D:2      | Reached XP level 3. HP: 33/33 MP: 3/3
  1091 | D:2      | Reached XP level 4. HP: 35/41 MP: 4/4
  1216 | D:2      | Reached skill level 5 in Axes
  1481 | D:3      | HP: 2/41 [gnoll/+0 spear (3)]
  1485 | D:3      | Slain by a gnoll

Illustrated notes

Levels and vault maps discovered:
D:1:      heliophobic_arrival_henge, layout_loops_ring, serial_shops,
          nicolae_shop_trees
D:2:      cheibrodos_helix_gallery, layout_basic, serial_curves, eino_curves_04,
          eino_curves_01
D:3:      layout_basic, cheibrodos_sewer_entry_bend

Skill      XL: |  1  2  3  4 |
---------------+-------------+-----
Fighting       | 4 |  4.7
Dodging        | 3 |  3.1
Axes           | 5 |  5.1

Action                     |  1- 3 |  4- 6 || total
---------------------------+-------+-------++-------
  Melee: Hand axe          |    90 |    30 ||   120
 Armour: Robe              |     5 |       ||     5
         Ring mail         |    10 |    10 ||    20
  Dodge: Dodged            |    56 |    21 ||    77
